 Dungeon Crawl Stone Soup version 0.13-a0-2281-ge1c0d72 (webtiles) character file.

498 Kae the Cleaver (level 6, -15/52 HPs)
             Began as a Hill Orc Fighter on July 7, 2013.
             Demolished by an ogre
             ... wielding a +0,+0 giant club
              (19 damage)
             ... in the Ecumenical Temple.
             The game lasted 00:03:36 (3230 turns).

Kae the Cleaver (Hill Orc Fighter)                  Turns: 3230, Time: 00:03:36

HP -15/52        AC  8     Str 21      XL: 6   Next: 23%
MP   5/5         EV  6     Int  8      God:
Gold 227         SH 19     Dex 10      Spells:  0 memorised,  5 levels left

Res.Fire  : . . .   See Invis. : .   a - +0 orc hand axe {=f}
Res.Cold  : . . .   Warding    : .   b - +0 orc scale mail
Life Prot.: . . .   Conserve   : .   c - +0 orc shield
Res.Poison: .       Res.Corr.  : .   n - +0 helmet
Res.Elec. : .       Clarity    : .   (no cloak)
Sust.Abil.: . .     Spirit.Shd : .   (no gloves)
Res.Mut.  : .       Stasis     : .   (no boots)
Res.Rott. : .       Flight     : .   (no amulet)
Saprovore : + . .                    (no ring)
                                     (no ring)

@: hasted, very quick, slightly resistant to hostile enchantments, extremely
unstealthy
A: saprovore 1
a: no special abilities


You were in the Ecumenical Temple.
You were near starving.

You visited 2 branches of the dungeon, and saw 5 of its levels.

You collected 207 gold pieces.

Inventory:

Hand weapons
 a - a +0,+0 orcish hand axe (weapon) {=f}
Missiles
 v - 4 darts (quivered)
Armour
 b - a +0 orcish scale mail (worn)
 c - a +0 orcish shield (worn)
 n - a +0 helmet (worn)
Magical devices
 s - a wand of invisibility (2)
Comestibles
 d - 4 meat rations
 i - a pear
 k - 15 grapes
 m - 2 chokos
 o - 3 bread rations
Scrolls
 e - a scroll of enchant armour {unknown}
 f - a scroll of magic mapping {unknown}
 j - 3 scrolls of identify {unknown}
 p - a scroll of noise {unknown}
 r - 2 scrolls of amnesia {unknown}
 t - 2 scrolls of teleportation {unknown}
 u - a scroll of curse armour {unknown}
 w - a scroll of enchant weapon II {unknown}
 y - 2 scrolls of remove curse {unknown}
Jewellery
 z - an uncursed ring of poison resistance {unknown}
Potions
 g - a potion of brilliance {unknown}
 h - a potion of speed
 q - 2 potions of heal wounds {unknown}
 x - a potion of might {unknown}
 A - a potion of agility {unknown}
 B - a potion of restore abilities {unknown}


   Skills:
 - Level 3.7 Fighting
 + Level 8.4 Axes
 - Level 3.2 Armour
 - Level 3.2 Shields


You had 5 spell levels left.
You didn't know any spells.

Dungeon Overview and Level Annotations

Branches:
Dungeon (4/27)             Temple (1/1) D:4

Altars:
Ashenzari
Cheibriados
Makhleb
Xom
Yredelemnul


Innate Abilities, Weirdness & Mutations

You can tolerate rotten meat.


Message History

You feel better.
It was a potion of curing.
The ogre hits you with a giant club!
* * * LOW HITPOINT WARNING * * *
Drink which item? (? for menu, Esc to quit)
You feel better. The ogre hits you with a giant club!
* * * LOW HITPOINT WARNING * * *
Drink which item? (? for menu, Esc to quit)
You feel better. You block the ogre's attack.
Drink which item? (? for menu, Esc to quit)
You feel better.
Drink which item? (? for menu, Esc to quit)
Okay, then.
You hit the ogre.
The ogre is severely wounded.
The ogre hits you with a giant club!
* * * LOW HITPOINT WARNING * * *
Drink which item? (? for menu, Esc to quit)
You feel yourself speed up.
It was a potion of speed.
The ogre hits you with a giant club!
You die...

######### #####.........
####..............
###..................
###.............._.....
##........._............
#........................
...............O@........
......._.................
................⌠...⌠...
........................
........................
....._.......⌠.........
......................
.....................
................⌠.


You could see an ogre.

Vanquished Creatures
  An iguana (D:4)
  2 orc wizards (D:3)
  Jessica (D:2)
  6 adders
  3 giant mites
  A worm (D:2)
  2 giant geckos (D:2)
  2 oozes (D:1)
  8 orcs (D:3)
  7 bats
  4 giant cockroaches
  8 hobgoblins
  4 jackals (D:2)
  6 kobolds
  13 giant newts
  16 goblins
  An orc skeleton (D:4)
  6 rats
91 creatures vanquished.

Vanquished Creatures (others)
  A ball python (D:1)
1 creature vanquished.

Grand Total: 92 creatures vanquished

Notes
Turn   | Place    | Note
--------------------------------------------------------------
     0 | D:1      | Kae, the Hill Orc Fighter, began the quest for the Orb.
     0 | D:1      | Reached XP level 1. HP: 19/19 MP: 0/0
    75 | D:1      | Reached XP level 2. HP: 26/26 MP: 1/1
   429 | D:1      | Reached skill level 4 in Axes
   847 | D:2      | Reached XP level 3. HP: 13/33 MP: 2/2
  1033 | D:2      | HP: 1/33 [worm (6)]
  1426 | D:2      | Reached skill level 5 in Axes
  1621 | D:2      | Reached XP level 4. HP: 39/39 MP: 3/3
  1825 | D:2      | Reached skill level 6 in Axes
  1882 | D:2      | Noticed Jessica
  1903 | D:2      | Killed Jessica
  2008 | D:2      | Reached XP level 5. HP: 41/46 MP: 4/4
  2326 | D:3      | Reached skill level 7 in Axes
  2730 | D:3      | Reached XP level 6. HP: 45/52 MP: 5/5
  2761 | D:3      | Reached skill level 8 in Axes
  3132 | D:4      | Found a staircase to the Ecumenical Temple.
  3203 | Temple   | Entered the Ecumenical Temple
  3230 | Temple   | Demolished by an ogre

Action                   |  1- 3 |  4- 6 || total
-------------------------+-------+-------++-------
Melee: Hand axe          |   106 |   217 ||   323
  Use: Potion            |       |     5 ||     5
